 Dungeon Crawl Stone Soup version 0.29-a0-322-g68df515428 (webtiles) character file.

Game seed: 5420724905316104927

176 kae the Gusty (level 5, -1/49 HPs)
             Began as an Ogre Air Elementalist on Apr 9, 2022.
             Killed from afar by Sigmund (11 damage)
             ... with a puff of flame
             ... on level 3 of the Dungeon.
             The game lasted 00:05:37 (5303 turns).

kae the Gusty (Ogre Air Elementalist)               Turns: 5303, Time: 00:05:38

Health: -1/49      AC:  3    Str: 12    XL:     5   Next: 56%
Magic:  0/9        EV: 10    Int: 18    God:
Gold:   140        SH:  0    Dex:  9    Spells: 0/10 levels left

rFire   . . .      SeeInvis .   j - +2 short sword (vamp)
rCold   . . .      Faith    .   (no shield)
rNeg    . . .      Spirit   .   a - +0 robe
rPois   .          Reflect  .   (helmet restricted)
rElec   .          Harm     .   (no cloak)
rCorr   .          Rampage  .   (gloves unavailable)
Will    .....                   (boots unavailable)
Stlth   ++........              (no amulet)
HPRegen 0.16/turn               (no ring)
MPRegen 0.11/turn               (no ring)

@: no status effects
A: large, unfitting armour, tough skin 1
a: no special abilities


You were on level 3 of the Dungeon.
You visited 1 branch of the dungeon, and saw 3 of its levels.

You collected 140 gold pieces.

Inventory:

Hand Weapons
 d - a +0 dagger of protection
 j - a +2 vampiric short sword (weapon)
 o - a +3 hand axe of freezing
Armour
 a - a +0 robe (worn)
Jewellery
 f - an amulet of regeneration
Wands
 k - a wand of digging (8)
Scrolls
 c - a scroll of identify
Potions
 b - a potion of magic
 e - 2 potions of curing
 g - 2 potions of haste
 h - a potion of degeneration
 i - 2 potions of ambrosia
 l - a potion of lignification
 n - a potion of might
 q - 2 potions of attraction
 r - a potion of resistance


   Skills:
 + Level 2.2 Fighting
 + Level 2.5 Dodging
 + Level 2.1 Stealth
 + Level 3.3 Spellcasting
 + Level 1.7 Conjurations
 * Level 3.6 Air Magic


You couldn't memorise any spells.
You knew the following spells:

 Your Spells              Type           Power      Damage    Failure   Level
a - Shock                 Conj/Air       48%        1d6       5%          1
b - Static Discharge      Conj/Air       12%        N/A       8%          2
c - Airstrike             Air            8%         N/A       34%         4
d - Swiftness             Air            16%        N/A       11%         3

Your spell library contained the following spells:

 Spells                   Type           Power      Damage    Failure   Level


Dungeon Overview and Level Annotations

Branches:
Dungeon (3/15)

Altars:
Xom
The Shining One

Annotations:
D:3 Sigmund


Innate Abilities, Weirdness & Mutations

You are too large for most types of armour.
You have tough skin. (AC +1)


Message History

Casting: Shock (safe; 5% risk of failure)
Confirm with . or Enter, or press ? or * to list all spells.
You don't have enough magic to cast this spell.
Unknown command.
Okay, then.
You completely miss the orc priest.
The orc priest is severely wounded.
The orc priest mumbles some strange prayers to Beogh against you.
Pain shoots through your body!
You barely miss the orc priest.
The orc priest is severely wounded.
The orc priest hits you with a +0 short sword.
You hit the orc priest.
You feel better.
The orc priest is almost dead.
The orc priest hits you with a +0 short sword.
You hit the orc priest.
The orc priest is almost dead.
The orc priest hits you but does no damage.
You closely miss the orc priest.
The orc priest is almost dead.
The orc priest hits you with a +0 short sword.
* * * LOW HITPOINT WARNING * * *
The orc priest closely misses you.
You hit the orc priest but do no damage.
The orc priest is almost dead.
The orc priest hits you with a +0 short sword.
* * * LOW HITPOINT WARNING * * *
Your magical contamination has completely faded away.
Casting: Shock (safe; 5% risk of failure)
Confirm with . or Enter, or press ? or * to list all spells.
Aiming: Shock (safe; 5% risk of failure)
Press: ? - help, Shift-Dir - straight line The zap hits the orc priest but does no damage.
The orc priest is almost dead.
The zap hits the orc priest.
You kill the orc priest!
Sigmund shouts!
Sigmund points at you and mumbles some strange words.
The puff of flame hits you!
You die...

#......###.....#...o...###.#####
#............. #...o...# #...#
###.[...### ... #.......# #...###
# #.....# #.......# #...#.. #
#.....#########.......###'#....
###.............)####.####.......
.................# #.# #.......
......##........)####@## #......#
......##........@....).###.......
......##...................÷.....
......##.########....#..###......
....^.##..........#####.###.###.#
...†......######..#####..##.##...
..................#......##.##...
..##.......####...#.......#.##...
..##..)...........'.....#.#.##...
..##........##....#.....#...#....


You could see Sigmund.

Vanquished Creatures
  An orc priest (D:3)
  A hound (D:2)
  Natasha (thrice) (D:2)
  5 worms
  5 orcs
  3 ball pythons (D:2)
  7 bats
  An endoplasm (D:1)
  3 giant cockroaches
  5 goblins (D:2)
  5 hobgoblins
  A quokka (D:1)
  4 kobolds
  3 rats (D:2)
47 creatures vanquished.

Vanquished Creatures (collateral kills)
  An adder (D:3)
1 creature vanquished.

Grand Total: 48 creatures vanquished

Notes
Turn   | Place    | Note
-------+----------+-------------------------------------------
     0 | D:1      | kae the Ogre Air Elementalist began the quest for the Orb.
     0 | D:1      | Reached XP level 1. HP: 16/16 MP: 3/3
   444 | D:1      | Reached skill level 1 in Conjurations
   532 | D:1      | You fall into a shaft and drop 1 floor!
   603 | D:2      | Reached XP level 2. HP: 26/26 MP: 1/5
   806 | D:2      | Reached skill level 1 in Fighting
   806 | D:2      | Reached XP level 3. HP: 24/33 MP: 2/7
   986 | D:2      | Learned a level 2 spell: Static Discharge
  2862 | D:2      | Reached XP level 4. HP: 27/41 MP: 1/8
  2984 | D:2      | Noticed Natasha
  2994 | D:2      | Killed Natasha
  3066 | D:2      | Noticed Natasha
  3076 | D:2      | Killed Natasha
  3106 | D:2      | Noticed Natasha
  3119 | D:2      | HP: 2/41 [Natasha (5)]
  3121 | D:2      | Killed Natasha
  3122 | D:2      | Reached XP level 5. HP: 9/49 MP: 0/9
  3593 | D:2      | Found a shimmering altar of Xom.
  3603 | D:2      | Learned a level 4 spell: Airstrike
  3607 | D:2      | Learned a level 3 spell: Swiftness
  3753 | D:3      | Found a glowing golden altar of the Shining One.
  3766 | D:3      | Noticed Sigmund
  3996 | D:3      | Noticed a shining eye
  3996 | D:3      | Found a faded altar of an unknown god.
  3999 | D:3      | Noticed an eye of devastation
  3999 | D:3      | Noticed an eye of devastation
  3999 | D:3      | Noticed a great orb of eyes
  5303 | D:3      | Killed from afar by Sigmund

Illustrated notes

Levels and vault maps discovered:
D:1:      dpeg_arrival_brainrot, layout_basic, minmay_misc_feat_columns
D:2:      layout_basic, basic_altar, uniq_natasha
D:3:      layout_basic, nicolae_overflow_crystal_walls,
          hellmonk_ecumenical_altar_watching_god, minmay_misc_feat_more_columns,
          uniq_sigmund

Skill      XL: |  1  2  3  4  5 |
---------------+----------------+-----
Conjurations   | 1 |  1.7
Fighting       | 1 2 |  2.2
Dodging        | 2 |  2.5
Air Magic      | 3 |  3.6
Spellcasting   | 3 |  3.3
Stealth        | 2 |  2.1

Action                   |  1- 3 |  4- 6 || total
-------------------------+-------+-------++-------
Melee: Unarmed           |    14 |       ||    14
       Dagger            |    89 |     1 ||    90
       Punch             |     1 |       ||     1
       Short sword       |       |    26 ||    26
 Cast: Shock             |    72 |    68 ||   140
       Airstrike         |       |     1 ||     1
       Static Discharge  |       |     1 ||     1
  Use: Scroll            |     4 |     9 ||    13
       Potion            |       |     1 ||     1
 Stab: Sleeping          |     1 |     1 ||     2
Armor: Robe              |    15 |    10 ||    25
Dodge: Dodged            |    37 |    25 ||    62

Table legend: (Time is in decaauts)
 A = Elapsed time spent in this place.
 B = Non-inter-level travel time spent in this place.
 C = Inter-level travel time spent in this place.
 D = Time resting spent in this place.
 E = Time spent auto-exploring this place.
 F = Levels seen in this place.
 G = Mean time per level.
                   A        B        C        D        E       F      G
               +--------+--------+--------+--------+--------+-----+--------+
         Total |   5319 |   5104 |    215 |   2547 |   1830 |   3 | 1773.0 |
       Dungeon |   5319 |   5104 |    215 |   2547 |   1830 |   3 | 1773.0 |
               +--------+--------+--------+--------+--------+-----+--------+

Top non-repeatable levels by time:
     D:2: 2606 daAuts
     D:1: 1869 daAuts
     D:3: 843 daAuts
